 Dungeon Crawl Stone Soup version 0.32-a0-42-ga30500b4d3 (webtiles) character file.

Game seed: 6672612403506117357

1302 PriceMaster the Firebug (level 8, 0/45 HPs)
             Began as an Octopode Fire Elementalist on Feb 3, 2024.
             Was a Priest of Wu Jian.
             Slain by a sky beast (5 damage)
             ... on level 6 of the Dungeon.
             The game lasted 00:20:23 (8269 turns).

PriceMaster the Firebug (OpFE)                      Turns: 8269, Time: 00:20:25

Health: 0/45       AC:  1    Str:  7 (8)  XL:     8   Next: 57%
Magic:  0/16       EV: 13    Int: 18 (19) God:    Wu Jian [***...]
Gold:   184        SH:  0    Dex: 12      Spells: 2/18 levels left

rFire   . . .        j - +4 halberd
rCold   . . .        (shield currently unavailable)
rNeg    . . .        (helmet restricted)
rPois   .            (no amulet)
rElec   .            k - ring of wizardry
rCorr   .            (no ring)
SInv    .            (no ring)
Will    +....        (no ring)
Stlth   ++++         (no ring)
HPRegen 0.27/turn    (no ring)
MPRegen 0.15/turn    (no ring)
                     (no ring)

%: clarity, wizardry (x1)
@: no status effects
A: almost no armour, amphibious, 8 rings, camouflage 1, gelatinous body 1,
(nimble swimmer 1), tentacles, clarity, frail 1, strong-willed 1
a: Renounce Religion, Wall Jump, Serpent's Lash


You were on level 6 of the Dungeon.
You worshipped Wu Jian.
Wu Jian was most pleased with you.
You visited 1 branch of the dungeon, and saw 6 of its levels.

You collected 264 gold pieces.
You spent 80 gold pieces at shops.

Inventory:

Hand Weapons
 c - a +0 club
 d - a +0 dagger
 e - a +0 dagger
 j - a +4 halberd (weapon)
 r - a +4 falchion of draining
Missiles
 b - a throwing net
Jewellery
 k - a ring of wizardry (left tentacle)
Talismans
 i - a maw talisman
Wands
 m - a wand of flame (12)
 s - a wand of mindburst (16)
Scrolls
 a - 2 scrolls of immolation
 l - a scroll of noise
 n - a scroll of fog
Potions
 f - 2 potions of enlightenment
 g - 2 potions of attraction
 h - 2 potions of cancellation
 v - a potion of might


   Skills:
 + Level 1.8 Fighting
 + Level 0.4(1.0) Short Blades
 + Level 1.3(1.4) Long Blades
 + Level 2.7 Dodging
 + Level 5.0 Stealth
 + Level 5.8 Spellcasting
 + Level 3.2 Conjurations
 + Level 1.3 Hexes
 + Level 6.3 Fire Magic


You had 2 spell levels left.
You knew the following spells:

 Your Spells              Type           Power      Damage    Failure   Level
a - Foxfire               Conj/Fire      88%        2x1d8     1%          1
b - Scorch                Fire           56%        2d7       1%          2
c - Inner Flame           Hex/Fire       19%        N/A       3%          3
d - Volatile Blastmotes   Fire/Tloc      32%        2d12      4%          3
e - Sigil of Binding      Hex            9%         N/A       9%          3
f - Flame Wave            Conj/Fire      22%        2d8       7%          4

Your spell library contained the following spells:

 Spells                   Type           Power      Damage    Failure   Level
 Slow                     Hex            36%        N/A       2%          1
 Confusing Touch          Hex            9%         N/A       9%          3
 Frozen Ramparts          Ice            10%        1d2       16%         3
 Vampiric Draining        Necr           5%         2d6       16%         3
 Leda's Liquefaction      Alch/Erth      2%         N/A       43%         4
 Petrify                  Alch/Erth      5%         N/A       43%         4
 Metabolic Englaciation   Hex/Ice        3%         N/A       67%         5
 Conjure Ball Lightning   Conj/Air       5%         3x3d6     98%         6
 Discord                  Hex            4%         N/A       100%        8
 Disjunction              Tloc           2%         N/A       100%        8


Dungeon Overview and Level Annotations

Branches:
Dungeon (6/15)
 Temple: D:4-7

Altars:
Sif Muna
Wu Jian

Shops:
D:4 !=[:[


Innate Abilities, Weirdness & Mutations

You cannot wear most types of armour.
You are amphibious.
You can wear up to eight rings at the same time.
Your skin changes colour to match your surroundings (Stealth+).
Your rubbery body absorbs attacks. (AC +1, EV +1)
((You are camouflaged when in or above water. (Stealth+)))
You have tentacles for arms and can constrict up to eight enemies at once.
You possess an exceptional clarity of mind.
You are frail. (-10% HP)
You are strong-willed. (Will+)


Message History

The sky beast flickers out of sight!
Deactivating autopickup; reactivate with Ctrl-A.
Something hits you. Something shocks you.
Casting: Scorch (safe; 1% risk of failure)
Confirm with . or Enter, or press ? or * to list all spells.
Flames lash the ufetubus.
The ufetubus is burned terribly!
The ufetubus is moderately wounded.
The ufetubus's fire resistance burns away.
A sky beast appears from thin air!
Reactivating autopickup.
The sky beast barely misses you.
Casting: Scorch (safe; 1% risk of failure)
Confirm with . or Enter, or press ? or * to list all spells.
You don't have enough magic to cast this spell.
You closely miss the sky beast.
The sky beast is almost dead.
The ufetubus hits you. x2; The sky beast flickers out of sight!
Deactivating autopickup; reactivate with Ctrl-A.
Something hits you. Something shocks you.
The ufetubus moves over your binding sigil and is bound in place!
The ufetubus slips past you! The ufetubus barely misses you.
The ufetubus hits you.
You feel better. The ufetubus misses you. The ufetubus closely misses you.
The ufetubus slips past you! The ufetubus closely misses you.
The ufetubus hits you. Something hits you. Something shocks you.
* * * LOW HITPOINT WARNING * * *
You closely miss something.
Your binding sigil disappears.
The ufetubus is no longer more vulnerable to fire.
The ufetubus hits you.
* * * LOW HITPOINT WARNING * * *
The ufetubus misses you. The ufetubus barely misses you.
The ufetubus misses you. The ufetubus hits you.
* * * LOW HITPOINT WARNING * * *
The ufetubus hits you.
* * * LOW HITPOINT WARNING * * *
The ufetubus closely misses you. The ufetubus misses you. Something hits you.
* * * LOW HITPOINT WARNING * * *
Something shocks you.
You die...

#######
.......
.......
.......
#######.......
#....55.......
#.....@.......
#....{..######
#........#
#......#!#
#....$.#..
#########.?
#.. ##.


You could see 2 ufetubi.

Vanquished Creatures
  Duvessa (D:5)
  A black bear (D:4)
  2 ogres
  A centaur (D:5)
  3 scorpions
  Dowan (D:5)
  A bombardier beetle (D:3)
  A hound (D:4)
  4 orc priests
  Jessica (D:3)
  Terence (D:3)
  3 iguanas
  7 gnolls (D:5)
  A river rat (D:4)
  8 adders
  3 shadow imps (D:5)
  2 white imps (D:5)
  2 dart slugs
  8 ribbon worms
  20 orcs
  10 bats
  3 endoplasms
  5 giant cockroaches
  12 hobgoblins
  5 jackals
  2 quokkas (D:1)
  7 ball pythons
  4 frilled lizards
  11 goblins
  12 kobolds
  3 rats
145 creatures vanquished.

Vanquished Creatures (collateral kills)
  A foxfire (D:4)
1 creature vanquished.

Vanquished Creatures (others)
  339 foxfires
339 creatures vanquished.

Grand Total: 485 creatures vanquished

Notes
Turn   | Place    | Note
-------+----------+-------------------------------------------
     0 | D:1      | PriceMaster the Octopode Fire Elementalist began the quest
                  | for the Orb.
     0 | D:1      | Reached XP level 1. HP: 11/11 MP: 3/3
   101 | D:1      | Reached XP level 2. HP: 6/17 MP: 0/5
   266 | D:1      | Learned a level 2 spell: Scorch
   731 | D:1      | Reached XP level 3. HP: 21/21 MP: 3/6
  1024 | D:2      | Found a faded altar of an unknown god.
  1027 | D:2      | Prayed at the altar of an unknown god.
  1027 | D:2      | Became a worshipper of the Wu Jian Council
  1027 | D:2      | Reached * piety under Wu Jian
  2075 | D:2      | Reached XP level 4. HP: 27/27 MP: 1/7
  2079 | D:2      | Learned a level 3 spell: Inner Flame
  2390 | D:3      | Noticed Jessica
  2399 | D:3      | Killed Jessica
  2400 | D:3      | Reached skill level 4 in Fire Magic
  2539 | D:3      | Reached XP level 5. HP: 22/32 MP: 5/9
  2930 | D:3      | Noticed Terence
  2934 | D:3      | Killed Terence
  3356 | D:3      | Reached XP level 6. HP: 37/37 MP: 5/11
  3988 | D:4      | Reached ** piety under Wu Jian
  4125 | D:4      | Found Xomiattu's Antique Armour Boutique.
  4229 | D:4      | Found Zanus's Distillery.
  4237 | D:4      | Bought a potion of magic for 80 gold pieces
  4263 | D:4      | Noticed a black bear
  4273 | D:4      | Killed a black bear
  4274 | D:4      | Reached skill level 1 in Fighting
  4392 | D:4      | Found Kedwosi's Book Emporium.
  4513 | D:4      | Reached skill level 5 in Fire Magic
  4513 | D:4      | Reached XP level 7. HP: 32/43 MP: 7/13
  4586 | D:4      | Found Vyffess's Jewellery Emporium.
  4898 | D:4      | Found Gafrich's Armour Shoppe.
  5495 | D:5      | Entered Level 5 of the Dungeon
  5573 | D:5      | Reached skill level 5 in Spellcasting
  5587 | D:5      | Reached skill level 5 in Stealth
  5601 | D:5      | Reached skill level 1 in Long Blades
  5604 | D:5      | Reached *** piety under Wu Jian
  5605 | D:5      | Reached XP level 8. HP: 47/48 MP: 5/15
  6392 | D:5      | Reached skill level 1 in Hexes
  6399 | D:5      | Gained mutation: You possess an exceptional clarity of
                  | mind. [potion of mutation]
  6399 | D:5      | Gained mutation: You are frail. (-10% HP) [potion of
                  | mutation]
  6399 | D:5      | Gained mutation: You are strong-willed. (Will+) [potion of
                  | mutation]
  6834 | D:5      | Found a shimmering blue altar of Sif Muna.
  7135 | D:5      | HP: 2/44 [centaur (2)]
  7304 | D:5      | Noticed Duvessa
  7314 | D:5      | HP: 2/44 [Duvessa/+0 rapier (15)]
  7315 | D:5      | Killed Duvessa
  7316 | D:5      | Reached skill level 6 in Fire Magic
  7661 | D:5      | Noticed Dowan
  7663 | D:5      | Killed Dowan
  7824 | D:5      | Learned a level 3 spell: Volatile Blastmotes
  8190 | D:5      | Learned a level 3 spell: Sigil of Binding
  8195 | D:5      | Learned a level 4 spell: Flame Wave
  8269 | D:6      | Slain by a sky beast

Illustrated notes

Levels and vault maps discovered:
D:1:      dpeg_arrival_houses_and_road, layout_basic
D:2:      layout_loops_ring, nicolae_ecumenical_oubliette
D:3:      cheibrodos_pilgrimage, layout_loops_cross, uniq_terence, uniq_jessica
D:4:      layout_loops_ring, serial_shops, nicolae_take_the_stairs,
          nicolae_shop_overgrown_old_shop, shop, shop, shop,
          lightli_sewer_entry_pipes, minmay_misc_feat_tiny
D:5:      corexii_shantytown, layout_basic, nicolae_sif_muna_little_library,
          uniq_duvessa
D:6:      layout_rooms, serial_shops, nicolae_shop_industrial_runoff

Skill      XL: |  1  2  3  4  5  6  7  8 |
---------------+-------------------------+-----
Stealth        | 3 5 |  5.0
Fire Magic     | 4 5 6 |  6.3
Spellcasting   | 3 4 5 |  5.8
Fighting       | 1 |  1.8
Conjurations   | 2 3 |  3.2
Long Blades    | 1 |  1.3
Hexes          | 1 |  1.3
Short Blades   | |  0.4
Dodging        | |  2.7

Action                     |  1- 3 |  4- 6 |  7- 9 || total
---------------------------+-------+-------+-------++-------
  Melee: Unarmed           |    19 |       |       ||    19
         Constrict         |    13 |     7 |    14 ||    34
         Tentacles         |     9 |     5 |    12 ||    26
         Dagger            |    41 |    29 |       ||    70
         Falchion          |       |     7 |    50 ||    57
         Punch             |       |       |     1 ||     1
         Halberd           |       |       |     2 ||     2
   Cast: Foxfire           |    48 |    64 |   105 ||   217
         Scorch            |     4 |    21 |    38 ||    63
         Inner Flame       |       |     2 |    16 ||    18
         Volatile Blastmot |       |       |     3 ||     3
         Sigil of Binding  |       |       |     2 ||     2
         Flame Wave        |       |       |     1 ||     1
Ability: Lunge             |     1 |     2 |     4 ||     7
         Whirlwind         |       |       |     4 ||     4
  Evoke: Wand              |       |     1 |       ||     1
    Use: Potion            |       |     2 |    11 ||    13
         Scroll            |       |     5 |    10 ||    15
   Stab: Sleeping          |     6 |     1 |     5 ||    12
 Armour: Skin              |    35 |    30 |    68 ||   133
  Dodge: Dodged            |    47 |    16 |   106 ||   169

Table legend: (Time is in decaauts)
 A = Elapsed time spent in this place.
 B = Non-inter-level travel time spent in this place.
 C = Inter-level travel time spent in this place.
 D = Time resting spent in this place.
 E = Time spent auto-exploring this place.
 F = Levels seen in this place.
 G = Mean time per level.
                   A        B        C        D        E       F      G
               +--------+--------+--------+--------+--------+-----+--------+
         Total |   8257 |   8074 |    183 |   2927 |   3955 |   6 | 1376.2 |
       Dungeon |   8257 |   8074 |    183 |   2927 |   3955 |   6 | 1376.2 |
               +--------+--------+--------+--------+--------+-----+--------+

Top non-repeatable levels by time:
     D:5: 2743 daAuts
     D:3: 1605 daAuts
     D:4: 1531 daAuts
     D:2: 1281 daAuts
     D:1: 1085 daAuts
     D:6: 11 daAuts
